 BcadrenCrawl: Boulder Brew version 0.05.21-81-gd28e3044bd (webtiles) character file.

Game seed: 15395976052395728399, levelgen mode: deterministic

6031 theanonym the Cruncher (level 10, -6/91 HPs) Minotaur Noble. Began on Sept 6, 2021. Was an Elder of Zin. Mangled by a two-headed ogre ... wielding a cursed +5 giant spiked club {(Curse: Fragile)} (15 damage) ... on level 5 of the Dungeon. The game lasted 00:15:58 (7089 turns).

theanonym the Cruncher (Minotaur Noble)             Turns: 7089, Time: 00:15:59

Health: -6/91      AC: 21    Str: 23    XL:     10 ^: 2356
Magic:  12/12      EV:  7    Int:  7    God:    Zin [4* [107]]
Gold:   435        SH:  5    Dex:  9    Spells: 11/11 levels left

rFire    + . .     Vision   .   a - +0 morningstar
rCold    + . .     Gourm    .   p - +0 mace
rNeg     + . .     Faith    .   b - +1 gold dragon scales
rCorr    . . .     Spirit   .   (helmet restricted)
rPois    +         Reflect  +   l - +1 cloak
rElec    .         Harm     .   j - +0 pair of gloves
MR       +....                  (no boots)
Stlth    ..........             c - amulet of reflection
HPRegen  0.40/turn              k - ring of positive energy {rN+}
MPRegen  0.22/turn              o - ring of protection from magic

@: hasted, very quick
A: horns, retaliatory headbutt 2
a: Recite, Vitalisation, Imprison, Donate Gold, Renounce Religion


Innate Abilities, Weirdness & Mutations

You reflexively attack those that strike you in melee with your horns.


   Skills:
 + Level 9.2 Fighting
 * Level 12.4 Maces & Staves
 + Level 9.0 Armour
 - Level 0.7 Stealth
 - Level 1.0 Spellcasting
 + Level 4.9 Invocations


You had 11 spell levels left.
You didn't know any spells.
Your spell library was empty.

Skill      XL: |  1  2  3  4  5  6  7  8  9 10 |
---------------+-------------------------------+-----
Maces & Staves | 1 2 3 5 6 7 9 11 12 | 12.4
Armour         | 1 2 3 4 5 6 8 9 |  9.0
Fighting       | 2 3 4 5 7 8 9 |  9.2
Invocations    | 3 4 |  4.9
Stealth        | |  0.7
Spellcasting   | |  1.0

Action                   |  1- 3 |  4- 6 |  7- 9 | 10-12 || total
-------------------------+-------+-------+-------+-------++-------
Melee: Morningstar       |   106 |   118 |   363 |   123 ||   710
       Unarmed           |    77 |       |       |       ||    77
       Club              |    21 |    98 |   222 |       ||   341
       Headbutt          |     5 |    11 |    64 |    18 ||    98
       Mace              |       |       |    79 |   105 ||   184
Invok: Vitalisation      |       |       |     1 |       ||     1
       Recite            |       |       |       |     1 ||     1
Evoke: Wand              |       |       |     1 |       ||     1
  Use: Potion            |       |       |     3 |     2 ||     5
       Scroll            |       |       |     1 |       ||     1
  Eat: Chunk             |       |     2 |     8 |       ||    10
       Ration            |       |     1 |     2 |     1 ||     4
Armor: Gold dragon scale |   148 |   127 |   346 |   105 ||   726
Dodge: Dodged            |    54 |    76 |   123 |    22 ||   275
Block: Other             |       |       |    34 |    26 ||    60

Inventory:

Weapons
 a - a +0 morningstar (weapon)
 p - a +0 mace (weapon)
Armour
 b - +1 gold dragon scales (worn)
 j - a +0 pair of gloves (worn)
 l - a +1 cloak (worn)
Jewellery
 c - an amulet of reflection (around neck)
 k - a ring of positive energy (left hand) {rN+}
 o - a ring of protection from magic (right hand)
Wands
 w - a wand of flame
Scrolls
 d - 2 scrolls of bless item
 f - 2 scrolls of fog
 g - a scroll of holy word
 i - 3 scrolls of fear
 t - 4 scrolls of teleportation
 v - a scroll of enchantment
 y - 2 scrolls of magic mapping
 B - a scroll of blinking
Potions
 m - a potion of mutation
 n - 2 potions of cancellation
 r - 3 potions of curing
 x - a potion of berserk rage
 z - a potion of brilliance
Miscellaneous
 u - a lightning rod (4/4)
Comestibles
 e - 22 rations
 q - 7 chunks of flesh


You were on level 5 of the Dungeon.
You worshipped Zin.
Zin was greatly pleased with you.
You were not hungry.

You visited 2 branches of the dungeon, and saw 6 of its levels.
You also visited: Market.

You collected 443 gold pieces.
You spent 960 gold pieces at shops.
You donated 48 gold pieces to Zin.

Dungeon Overview and Level Annotations

Branches:
Dungeon (5/8)              Temple (1/1) D:4            Lair (0/6) D:5

Altars:
Dithmenos
Fedhas Madash
Gozag Ym Sagoz
Hepliaklqana
Nemelex Xobeh
Okawaru
Ru
Sif Muna
Trog
Uskayaw
Wu Jian
Xom
Zin
The Shining One

Annotations:
D:4 2 transporters, ZZKoverts's ghost, novice KoHu
D:5 3 runed translucent doors, Tenar's ghost, journeyman BaDs

## #### ......#
.#....# ......#
######.......
#########..@OS†.....#
#.........###.......#
#.######..# .....##.#
#####..###.......
#......# ##.##### #
#.###.## .#
#.##.###.# #.# #.#
#........# ##'# #.#
####.##### ##...##
#.#


You could see a two-headed ogre and an adder.

Notes
Turn   | Place    | Note
-------+----------+-------------------------------------------
     0 | Start Ma | theanonym the Minotaur Noble began the quest for the Orb.
     0 | Start Ma | Reached XP level 1. HP: 16/16 MP: 1/1
     0 | Start Ma | Found Dizefes's Expert Tomes.
     0 | Start Ma | Found Irph's Auxillary Armour.
     9 | Start Ma | Bought +0 gold dragon scales for 800 gold pieces
    26 | Start Ma | Found Yxett's Mashing MeleeMart.
    66 | Start Ma | Bought a +0 morningstar for 160 gold pieces
    76 | D:1      | theanonym set off with the following items: a +0 robe, +0
                  | gold dragon scales, a +0 morningstar, a ration
   134 | D:1      | Reached skill level 1 in Maces & Staves
   134 | D:1      | Reached XP level 2. HP: 22/23 MP: 2/2
   166 | D:1      | Reached skill level 2 in Maces & Staves
   166 | D:1      | Reached skill level 1 in Armour
   198 | D:1      | Reached skill level 2 in Fighting
   304 | D:1      | Reached XP level 3. HP: 29/29 MP: 3/3
   593 | D:1      | Reached skill level 3 in Maces & Staves
   623 | D:1      | Reached skill level 2 in Armour
   623 | D:1      | Reached XP level 4. HP: 37/37 MP: 4/4
  1327 | D:2      | HP: 14/37 [acid (5)]
  1328 | D:2      | Reached skill level 3 in Fighting
  1328 | D:2      | Reached XP level 5. HP: 11/45 MP: 5/5
  1368 | D:2      | Noticed a water moccasin
  1464 | D:2      | Reached skill level 4 in Maces & Staves
  1475 | D:1      | HP: 21/45 [acid (4)]
  1476 | D:1      | HP: 2/45 [acid (10)]
  1545 | D:1      | HP: 18/45 [acid (1)]
  1685 | D:2      | Killed a water moccasin
  1685 | D:2      | Reached skill level 5 in Maces & Staves
  1685 | D:2      | Reached skill level 3 in Armour
  1685 | D:2      | Reached XP level 6. HP: 29/52 MP: 6/6
  1888 | D:2      | Reached skill level 4 in Fighting
  1956 | D:2      | HP: 26/52 [big kobold/+0 whip (6)]
  1963 | D:2      | Reached skill level 6 in Maces & Staves
  1963 | D:2      | Reached skill level 4 in Armour
  2203 | D:2      | Reached XP level 7. HP: 55/60 MP: 7/7
  2245 | D:2      | Noticed Purgy
  2272 | D:2      | Killed Purgy
  2272 | D:2      | Reached skill level 5 in Fighting
  2329 | D:2      | Reached skill level 7 in Maces & Staves
  2358 | D:2      | Reached skill level 5 in Armour
  2701 | D:2      | Reached XP level 8. HP: 69/69 MP: 8/8
  2880 | D:2      | Reached skill level 8 in Maces & Staves
  3295 | D:2      | Found an ornate altar of the Wu Jian Council.
  3534 | D:3      | Reached skill level 6 in Fighting
  3560 | D:3      | Reached skill level 6 in Armour
  3572 | D:3      | Noticed a troll
  3576 | D:3      | HP: 35/70 [troll (8)]
  3580 | D:3      | HP: 14/70 [troll (4)]
  3581 | D:3      | HP: 6/70 [troll (9)]
  3962 | D:3      | Reached skill level 9 in Maces & Staves
  4437 | D:4      | Found a staircase to the Ecumenical Temple.
  4446 | Temple   | Entered the Ecumenical Temple
  4782 | Temple   | Became a worshipper of Zin the Law-Giver
  4782 | Temple   | Reached * piety under Zin
  5021 | D:4      | Reached skill level 7 in Fighting
  5026 | D:4      | Reached XP level 9. HP: 43/79 MP: 9/9
  5029 | D:4      | Reached skill level 1 in Invocations
  5227 | D:4      | Identified the cursed amulet "Banlyny" {RegenMP -Tele rF+
                  | Int+6, (Curse: Fragile)}
  5227 | D:4      | Noticed Erica
  5237 | D:4      | Reached skill level 10 in Maces & Staves
  5246 | D:4      | HP: 39/79 [Erica/+0 scimitar of molten steel (7)]
  5248 | D:4      | Killed Erica
  5248 | D:4      | Reached skill level 7 in Armour
  5248 | D:4      | Reached skill level 2 in Invocations
  5382 | D:4      | Reached ** piety under Zin
  5427 | D:4      | Found a sacrificial altar of Ru.
  5489 | D:4      | Reached skill level 3 in Invocations
  5514 | D:4      | Reached skill level 8 in Fighting
  5514 | D:4      | Reached skill level 11 in Maces & Staves
  5653 | D:4      | Reached *** piety under Zin
  5794 | D:4      | Found a transporter.
  5794 | D:4      | Noticed ZZKoverts's ghost (novice KoHu)
  5795 | D:4      | Found a transporter.
  5795 | D:4      | Noticed a two-headed ogre
  5852 | D:4      | Reached skill level 8 in Armour
  5879 | D:5      | Entered Level 5 of the Dungeon
  5904 | D:5      | Found a runed translucent gate.
  5904 | D:5      | Found a runed translucent gate.
  5905 | D:5      | Found a runed translucent gate.
  5947 | D:5      | HP: 39/81 [hippogriff (5)]
  5952 | D:5      | HP: 29/81 [wyvern (3)]
  5956 | D:5      | HP: 14/81 [wyvern (3)]
  6198 | D:5      | Noticed a minotaur
  6202 | D:5      | Noticed Tenar's ghost (journeyman BaDs)
  6216 | D:5      | Reached XP level 10. HP: 79/90 MP: 8/11
  6217 | D:5      | Noticed a two-headed ogre
  6221 | D:5      | HP: 45/90 [two-headed ogre/cursed +4 giant spiked club
                  | {(Curse: Fragile MR-)} (7)]
  6420 | D:5      | Reached skill level 4 in Invocations
  6539 | D:5      | Reached **** piety under Zin
  6692 | D:5      | HP: 41/89 [something (7)]
  6697 | D:5      | HP: 22/89 [something (8)]
  6698 | D:5      | HP: 6/89 [something (7)]
  6703 | D:5      | HP: 26/90 [something/vampiric draining (6)]
  6709 | D:5      | HP: 11/90 [something (8)]
  6711 | D:5      | Reached skill level 12 in Maces & Staves
  7030 | D:5      | Found a staircase to the Lair.
  7047 | D:5      | Noticed a two-headed ogre
  7055 | D:5      | Killed a two-headed ogre
  7055 | D:5      | Reached skill level 9 in Fighting
  7076 | D:5      | Noticed a two-headed ogre
  7082 | D:5      | Reached skill level 9 in Armour
  7087 | D:5      | HP: 34/91 [two-headed ogre/cursed +5 giant spiked club
                  | {(Curse: Fragile)} (18)]
  7089 | D:5      | HP: 9/91 [two-headed ogre/cursed +5 giant spiked club
                  | {(Curse: Fragile)} (26)]
  7089 | D:5      | Mangled by a two-headed ogre

Vanquished Creatures
  Erica (D:4)
  A two-headed ogre (D:5)
  A hornet (D:5)
  A vampire (D:5)
  2 hippogriffs (D:5)
  A wyvern (D:5)
  Purgy (D:2)
  2 necrophages
  An orc warrior (D:4)
  2 water moccasins (D:2)
  2 scorpions
  A sky beast (D:4)
  2 ice beasts
  A black bear (D:4)
  5 ogres
  2 big kobolds
  4 bullfrogs
  A gnoll sergeant (D:5)
  4 howler monkeys
  3 killer bees (D:5)
  11 jellies
  2 orc priests
  5 hounds
  8 worker ants
  2 iguanas
  3 orc wizards
  A wyvern zombie (D:4)
  2 wyvern skeletons
  4 giant cockroaches
  2 bullfrog zombies (D:4)
  A shadow imp (D:4)
  6 adders
  3 bullfrog skeletons (D:4)
  6 gnolls
  24 sewer rats (D:2)
  2 white imps
  9 cinder newts
  7 worms
  A worker ant zombie (D:5)
  A howler monkey skeleton (D:5)
  3 oozes
  2 dart slugs
  5 leopard geckos
  8 orcs
  3 adder skeletons
  5 ball pythons
  5 bats
  A cinder newt skeleton (D:2)
  6 goblins (D:1)
  6 hobgoblins (D:1)
  4 quokkas
  A bat skeleton (D:2)
  2 hobgoblin skeletons (D:2)
  10 kobolds
  An orc skeleton (D:2)
  A quokka zombie (D:5)
  8 rats
  A rat skeleton (D:2)
  2 withered plants (D:2)
212 creatures vanquished.

Vanquished Creatures (others)
  An orc wizard (D:3)
  A leopard gecko (D:2)
  A ball python (D:2)
  A bat (D:2)
  A bat skeleton (D:2)
  19 plants (D:2)
  A slimehead (D:2)
  83 withered plants (D:2)
108 creatures vanquished.

Grand Total: 320 creatures vanquished

Table legend:
 A = Turns spent in this place as a percentage of turns spent in the entire game.
 B = Non-inter-level travel turns spent in this place as a percentage of non-inter-level travel turns spent in the entire game.
 C = Inter-level travel turns spent in this place as a percentage of turns spent in this place.
 D = Turns resting spent in this place as a percentage of non-inter-level travel turns spent in this place.
 E = Turns spent auto-exploring this place as a percentage of non-inter-level travel turns spent in this place.
 F = Non-inter-level travel turns spent in this place divided by the number of levels of this place that you've seen.
                   A       B       C       D       E      F
               +-------+-------+-------+-------+-------+----------------------
         Total | 100.0 | 100.0 |   6.3 |  25.5 |  48.9 | 949.3
       Dungeon |  93.8 |  94.5 |   5.6 |  27.0 |  46.9 | 1255.4
        Temple |   5.1 |   4.4 |  19.1 |   0.0 |  94.5 | 292.0
        Market |   1.1 |   1.1 |   0.0 |   0.0 |  40.8 |  76.0
               +-------+-------+-------+-------+-------+----------------------
